UAA
MARMORA SCRAMBLERS @ ATLANTIC CITY SONICS
08/27/2018
 
TOP OF THE 1ST
Marmora Scramblers batting - Pitching for Atlantic City Sonics : LHP Carlos Sánchez
Pitching: LHP Carlos Sánchez
Batting: RHB Johnny Foster 0-0: Swinging Strike
0-1: Swinging Strike
0-2: SINGLE (Groundball, 6MD)
Batting: RHB Chris Teague 0-0: Ball
1-0: Ball
2-0: Called Strike
2-1: Ball
3-1: Foul Ball, location: 2F
3-2: Foul Ball, location: 2F
3-2: Strikes out swinging
Johnny Foster is caught stealing 2nd base
Batter strikes out.
Batting: RHB Eric D'Angle 0-0: Swinging Strike
0-1: Foul Ball, location: 2F
0-2: Ball
1-2: Foul Ball, location: 2F
1-2: Strikes out swinging
Top of the 1st over - 0 run(s), 1 hit(s), 0 error(s), 0 left on base; Marmora 0 - Atlantic City 0
BOTTOM OF THE 1ST
Atlantic City Sonics batting - Pitching for Marmora Scramblers : LHP Martin García
Pitching: LHP Martin García
Batting: RHB Josh Stafford 0-0: Ball
1-0: Called Strike
1-1: Ball
2-1: Foul Ball, location: 2F
2-2: Strikes out swinging
Batting: LHB Pedro López 0-0: Called Strike
0-1: Ball
1-1: Foul Ball, location: 2F
1-2: Foul Ball, location: 2F
1-2: SINGLE (Groundball, 56D)
Batting: RHB Thomas Campbell 0-0: Ball
1-0: Called Strike
1-1: Ball
2-1: Fly out, F6 (Popup, 6D)
Batting: RHB Jesús Rodríguez 0-0: Ball
1-0: Foul Ball, location: 2F
1-1: Foul Ball, location: 2F
1-2: Fly out, F7 (Flyball, 7S)
Bottom of the 1st over - 0 run(s), 1 hit(s), 0 error(s), 1 left on base; Marmora 0 - Atlantic City 0
TOP OF THE 2ND
Marmora Scramblers batting - Pitching for Atlantic City Sonics : LHP Carlos Sánchez
Batting: LHB Randy Daugherty 0-0: Ground out 2-3 (Groundball, 2L)
Batting: RHB Andrew Weeks 0-0: Foul Ball, location: 2F
0-1: Ground out 6-3 (Groundball, 6M)
Batting: LHB Jack Schmitt 0-0: Ball
1-0: Ball
2-0: Called Strike
2-1: Foul Ball, location: 2F
2-2: Ground out 4-3 (Groundball, 4)
Top of the 2nd over - 0 run(s), 0 hit(s), 0 error(s), 0 left on base; Marmora 0 - Atlantic City 0
BOTTOM OF THE 2ND
Atlantic City Sonics batting - Pitching for Marmora Scramblers : LHP Martin García
Batting: RHB Jason Duncan 0-0: Called Strike
0-1: Foul Ball, location: 2F
0-2: Ball
1-2: Foul Ball, location: 2F
1-2: Ground out 5-3 (Groundball, 5L)
Batting: RHB António Granados 0-0: Fly out, F7 (Flyball, 78D)
Batting: LHB Steven Johnson 0-0: Ball
1-0: Ground out 4-3 (Groundball, 34)
Bottom of the 2nd over - 0 run(s), 0 hit(s), 0 error(s), 0 left on base; Marmora 0 - Atlantic City 0
TOP OF THE 3RD
Marmora Scramblers batting - Pitching for Atlantic City Sonics : LHP Carlos Sánchez
Batting: RHB Adrian Barr 0-0: Ball
1-0: Swinging Strike
1-1: Ball
2-1: Ball
3-1: Foul Ball, location: 2F
3-2: Ground out 5-3 (Groundball, 5)
Batting: RHB Jorge Quezada 0-0: Ball
1-0: Foul Ball, location: 2F
1-1: Ball
2-1: Ball
3-1: Base on Balls
Batting: RHB Tristan Kuhn 0-0: Ball
1-0: Ball
2-0: Ball
3-0: Called Strike
3-1: Base on Balls
Jorge Quezada to second
Batting: RHB Johnny Foster 0-0: Called Strike
0-1: Ball
1-1: Foul Ball, location: 2F
1-2: Strikes out looking
Batting: RHB Chris Teague 0-0: Foul Ball, location: 2F
0-1: Ball
1-1: Called Strike
1-2: Strikes out swinging
Top of the 3rd over - 0 run(s), 0 hit(s), 0 error(s), 2 left on base; Marmora 0 - Atlantic City 0
BOTTOM OF THE 3RD
Atlantic City Sonics batting - Pitching for Marmora Scramblers : LHP Martin García
Batting: RHB Marty Hayden 0-0: Called Strike
0-1: Bunt missed!
0-2: Ground out 6-3 (Groundball, 6)
Batting: RHB Robbie Chambers 0-0: Ball
1-0: Called Strike
1-1: Ball
2-1: Foul Ball, location: 2F
2-2: SINGLE (Flyball, 4MD)
Batting: RHB Josh Stafford 0-0: Foul Ball, location: 2F
0-1: Ball
1-1: Ball
2-1: Foul Ball, location: 2F
2-2: Strikes out swinging
Batting: LHB Pedro López 0-0: Called Strike
0-1: Ball
Wild Pitch!
Robbie Chambers to second
1-1: Foul Ball, location: 2F
1-2: Ball
2-2: Ball
3-2: DOUBLE (Line Drive, 8RM)
Robbie Chambers scores
Batting: RHB Thomas Campbell 0-0: Called Strike
0-1: SINGLE (Flyball, 8LS)
Pedro López to third
Batting: RHB Jesús Rodríguez 0-0: Ball
1-0: Called Strike
1-1: Swinging Strike
1-2: Ball
Wild Pitch!
Pedro López scores
Thomas Campbell to second
2-2: Ball
3-2: Foul Ball, location: 2F
3-2: Foul Ball, location: 2F
3-2: Foul Ball, location: 2F
3-2: Strikes out swinging
Bottom of the 3rd over - 2 run(s), 3 hit(s), 0 error(s), 1 left on base; Marmora 0 - Atlantic City 2
TOP OF THE 4TH
Marmora Scramblers batting - Pitching for Atlantic City Sonics : LHP Carlos Sánchez
Batting: RHB Eric D'Angle 0-0: Called Strike
0-1: Swinging Strike
0-2: Fly out, F8 (Flyball, 8LM)
Batting: LHB Randy Daugherty 0-0: Foul Ball, location: 2F
0-1: Fly out, F9 (Flyball, 9M)
Batting: RHB Andrew Weeks 0-0: Called Strike
0-1: Foul Ball, location: 2F
0-2: Ball
1-2: Ball
2-2: Strikes out swinging
Top of the 4th over - 0 run(s), 0 hit(s), 0 error(s), 0 left on base; Marmora 0 - Atlantic City 2
BOTTOM OF THE 4TH
Atlantic City Sonics batting - Pitching for Marmora Scramblers : LHP Martin García
Batting: RHB Jason Duncan 0-0: Ball
1-0: Fly out, F4 (Popup, 34D)
Batting: RHB António Granados 0-0: SINGLE (Groundball, 4M)
Batting: LHB Steven Johnson 0-0: Ball
António Granados is caught stealing 2nd base
1-0: DOUBLE (Line Drive, 5L)
Batting: RHB Marty Hayden 0-0: Called Strike
0-1: Swinging Strike
0-2: Ball
Passed Ball!
Steven Johnson to third
1-2: Foul Ball, location: 2F
1-2: Strikes out swinging
Bottom of the 4th over - 0 run(s), 2 hit(s), 0 error(s), 1 left on base; Marmora 0 - Atlantic City 2
TOP OF THE 5TH
Marmora Scramblers batting - Pitching for Atlantic City Sonics : LHP Carlos Sánchez
Batting: LHB Jack Schmitt 0-0: Ball
1-0: Ball
2-0: Ball
3-0: Called Strike
3-1: Called Strike
3-2: Fly out, F6 (Popup, 56D)
Batting: RHB Adrian Barr 0-0: Called Strike
0-1: Swinging Strike
0-2: Foul Ball, location: 2F
0-2: Ball
1-2: Strikes out swinging
Batting: RHB Jorge Quezada 0-0: Called Strike
0-1: Ground out U3 (Groundball, 3S)
Top of the 5th over - 0 run(s), 0 hit(s), 0 error(s), 0 left on base; Marmora 0 - Atlantic City 2
BOTTOM OF THE 5TH
Atlantic City Sonics batting - Pitching for Marmora Scramblers : LHP Martin García
Batting: RHB Robbie Chambers 0-0: Called Strike
0-1: Ball
1-1: Ball
2-1: Ball
3-1: Called Strike
3-2: Base on Balls
Pitching: RHP Pablo Navarro
Batting: RHB Josh Stafford 0-0: Sac Bunt - play at first, batter OUT! 2-3
Robbie Chambers to second
Batting: LHB Pedro López 0-0: Called Strike
0-1: Swinging Strike
0-2: Ground out 6-3 (Groundball, 6M)
Robbie Chambers to third
Batting: RHB Thomas Campbell 0-0: Foul Ball, location: 2F
0-1: Ball
1-1: Ground out 6-3 (Groundball, 6)
Bottom of the 5th over - 0 run(s), 0 hit(s), 0 error(s), 1 left on base; Marmora 0 - Atlantic City 2
TOP OF THE 6TH
Marmora Scramblers batting - Pitching for Atlantic City Sonics : LHP Carlos Sánchez
Batting: RHB Tristan Kuhn 0-0: Fly out, F8 (Flyball, 8LM)
Batting: RHB Johnny Foster 0-0: Ball
1-0: Foul Ball, location: 2F
1-1: Ball
2-1: Ball
3-1: Base on Balls
Batting: RHB Chris Teague 0-0: Foul Ball, location: 2F
0-1: Ball
1-1: Called Strike
1-2: Ball
2-2: Strikes out swinging
Batting: RHB Eric D'Angle 0-0: Ball
1-0: Ball
2-0: Swinging Strike
2-1: Ground out 5-3 (Groundball, 5S)
Top of the 6th over - 0 run(s), 0 hit(s), 0 error(s), 1 left on base; Marmora 0 - Atlantic City 2
BOTTOM OF THE 6TH
Atlantic City Sonics batting - Pitching for Marmora Scramblers : RHP Pablo Navarro
Batting: RHB Jesús Rodríguez 0-0: DOUBLE (Flyball, 78XD)
Batting: RHB Jason Duncan 0-0: Intentional Walk
Batting: RHB António Granados 0-0: Foul Ball, location: 2F
0-1: Ball
1-1: Swinging Strike
1-2: Ball
2-2: Foul Ball, location: 2F
2-2: Fly out, F9 (Flyball, 9D)
Runner from 2nd tags up, SAFE at 3rd, no throw
Batting: LHB Steven Johnson 0-0: Ball
1-0: Ball
2-0: Called Strike
2-1: TRIPLE (Line Drive, 89D)
Jesús Rodríguez scores
Jason Duncan scores
Batting: RHB Marty Hayden 0-0: Intentional Walk
Pitching: LHP Jorge Román
Batting: RHB Robbie Chambers 0-0: Ball
1-0: SINGLE (Groundball, 6MD)
Steven Johnson scores
Marty Hayden to second
Batting: RHB Josh Stafford 0-0: Called Strike
0-1: Foul Ball, location: 2F
0-2: Grounds into double play, U6-3 (Groundball, 6M)
Bottom of the 6th over - 3 run(s), 3 hit(s), 0 error(s), 1 left on base; Marmora 0 - Atlantic City 5
TOP OF THE 7TH
Marmora Scramblers batting - Pitching for Atlantic City Sonics : LHP Carlos Sánchez
Now at SS: Ethan Stanford
Now in CF: David Snyder
Batting: LHB Randy Daugherty 0-0: Ball
1-0: Foul Ball, location: 2F
1-1: Ball
2-1: Called Strike
2-2: Ball
3-2: Base on Balls
Batting: RHB Andrew Weeks 0-0: Fly out, F4 (Popup, 4D)
Batting: LHB Jack Schmitt 0-0: Ball
1-0: Foul Ball, location: 2F
1-1: Ball
2-1: Ball
3-1: Foul Ball, location: 2F
3-2: Base on Balls
Randy Daugherty to second
Batting: RHB Adrian Barr 0-0: SINGLE (Line Drive, 4M)
Randy Daugherty to third
Jack Schmitt to second
Runner from 3rd tries for Home, SAFE, no throw or cutoff
Batting: RHB Jorge Quezada 0-0: Ball
1-0: Fly out, F5 (Line Drive, 5)
Batting: RHB Tristan Kuhn 0-0: Called Strike
0-1: Called Strike
0-2: Foul Ball, location: 2F
0-2: Strikes out looking
Top of the 7th over - 1 run(s), 1 hit(s), 0 error(s), 2 left on base; Marmora 1 - Atlantic City 5
BOTTOM OF THE 7TH
Atlantic City Sonics batting - Pitching for Marmora Scramblers : LHP Jorge Román
Batting: LHB Pedro López 0-0: Ball
1-0: Fly out, F4 (Popup, 4M)
Batting: RHB Ethan Stanford 0-0: Ball
1-0: Ground out 6-3 (Groundball, 6M)
Batting: RHB Jesús Rodríguez 0-0: Ball
1-0: Ball
2-0: Called Strike
2-1: Ball
3-1: Foul Ball, location: 2F
3-2: Foul Ball, location: 2F
3-2: Base on Balls
Batting: RHB Jason Duncan 0-0: Foul Ball, location: 2F
0-1: Foul Ball, location: 2F
0-2: Ball
1-2: Ground out 5-3 (Groundball, 5S)
Bottom of the 7th over - 0 run(s), 0 hit(s), 0 error(s), 1 left on base; Marmora 1 - Atlantic City 5
TOP OF THE 8TH
Marmora Scramblers batting - Pitching for Atlantic City Sonics : LHP Carlos Sánchez
Pitching: LHP Ted Wright
Batting: RHB Johnny Foster 0-0: Fly out, F9 (Flyball, 9M)
Batting: RHB Chris Teague 0-0: Ground out 5-3 (Groundball, 5L)
Batting: RHB Eric D'Angle 0-0: Called Strike
0-1: Ground out 6-3 (Groundball, 6M)
Top of the 8th over - 0 run(s), 0 hit(s), 0 error(s), 0 left on base; Marmora 1 - Atlantic City 5
BOTTOM OF THE 8TH
Atlantic City Sonics batting - Pitching for Marmora Scramblers : LHP Jorge Román
Batting: SHB David Snyder 0-0: Ball
1-0: Foul Ball, location: 2F
1-1: SINGLE (Line Drive, 4M)
Batting: LHB Steven Johnson 0-0: Ball
1-0: Ball
2-0: Called Strike
2-1: Ball
3-1: Called Strike
3-2: Strikes out swinging
Pitching: LHP Aaron Farr
Batting: RHB Marty Hayden 0-0: Called Strike
0-1: Ball
1-1: Swinging Strike
1-2: Foul Ball, location: 2F
1-2: Ball
2-2: Ball
3-2: Fly out, F7 (Flyball, 7M)
3-2: Fly out, F7 (Flyball, 7M)
Batting: RHB Robbie Chambers 0-0: Ball
1-0: Ball
2-0: Foul Ball, location: 2F
2-1: Swinging Strike
2-2: Strikes out swinging
Bottom of the 8th over - 0 run(s), 1 hit(s), 0 error(s), 1 left on base; Marmora 1 - Atlantic City 5
TOP OF THE 9TH
Marmora Scramblers batting - Pitching for Atlantic City Sonics : LHP Ted Wright
Batting: LHB Randy Daugherty 0-0: Ball
1-0: Ball
2-0: Ball
3-0: Base on Balls
Batting: RHB Andrew Weeks 0-0: Ball
1-0: Ball
2-0: Ball
3-0: Called Strike
3-1: Base on Balls
Randy Daugherty to second
Pitching: LHP Miguel Canó
Batting: LHB Jack Schmitt 0-0: Ball
1-0: Ball
2-0: Ball
3-0: Base on Balls
Randy Daugherty to third
Andrew Weeks to second
Batting: RHB Adrian Barr 0-0: Ball
Wild Pitch!
Randy Daugherty scores
Andrew Weeks to third
Jack Schmitt to second
1-0: Called Strike
1-1: Fly out, F9 (Flyball, 9D)
Runner from 3rd tags up, SCORES, no throw
Pinch Hitting: RHB Mike Abrams 0-0: Swinging Strike
0-1: Ball
1-1: Called Strike
1-2: Ball
2-2: Strikes out swinging
Pinch Hitting: RHB Michael Hicks 0-0: Ball
1-0: Ball
2-0: Ball
3-0: Base on Balls
Batting: RHB Johnny Foster 0-0: Called Strike
0-1: Swinging Strike
0-2: Strikes out swinging
Top of the 9th over - 2 run(s), 0 hit(s), 0 error(s), 2 left on base; Marmora 3 - Atlantic City 5
This league is powered by Out of the Park Baseball, the baseball management simulation game for PC, Mac and Linux
Monday, May 4th, 2015 - OOTP Baseball 15.6 Build 34